AoeStats
← RIP

Arabia

505668654Analyzed
2v2 RM · 2mo ago on Sep 10, 2026· 29m 9s· 4 players
Game mode
Random Map
Map size
Medium (4 player)
Population
200
Speed
Normal
Resources
Standard
Victory
Conquest
Starting age
Dark Age
Ending age
Imperial Age
RankedLock teamsTeams togetherTeam positionsShared explorationLock speedFull tech treeHidden civsTurbo modeCheats
Victory
Defeat
🇨🇳 Shu · China
839
+17
🇨🇳 Poles · China
703
+22
vs
🇵🇪 Britons · Peru
855
-20
🇺🇸 Romans · United States
833
-19
M3TAL JUNKI3xXx
0:31 Loom
12:28 Feudal Age
13:03 Double-Bit Axe
13:06 Horse Collar
13:38 Town Watch
16:43 Fletching
16:55 Scale Mail Armor
16:19 Man-at-Arms
RIP
11:00 Feudal Age
11:55 Double-Bit Axe
11:54 Horse Collar
20:02 Wheelbarrow
22:09 Castle Age
20:06 Gold Mining
20:06 Stone Mining
24:08 Heavy Plow
24:22 Bow Saw
26:07 Gold Shaft Mining
28:29 Forging
28:19 Scale Mail Armor
A泛
0:31 Loom
16:03 Feudal Age
18:03 Bloodlines
17:48 Horse Collar
21:39 Forging
21:21 Fletching
25:02 Castle Age
23:35 Double-Bit Axe
25:46 Crossbowman
TKDanis
7:31 Loom
10:05 Feudal Age
14:22 Castle Age
12:33 Double-Bit Axe
12:39 Horse Collar
16:17 Bow Saw
29:04 Wheelbarrow
Connection lost

Rejoining the realm…

Still unreachable

The connection could not be restored.

Session expired

The server has moved on; the page needs a fresh start.